 Dungeon Sprint DCSS version 0.14-a0-1863-gcc20582 (webtiles) character file.

2255 Caerthir the Black Belt (level 9, -7/70 HPs)
             Began as a Green Draconian Monk on Jan 13, 2014.
             Was an Elder of Okawaru.
             Mangled by a black mamba (18 damage)
             ... in the Dungeon (Sprint IX: "|||||||||||||||||||||||||||||").
             The game lasted 00:03:27 (947 turns).

Caerthir the Black Belt (Green Draconian Monk)       Turns: 947, Time: 00:03:27

HP  -7/70        AC 10     Str 14      XL: 9   Next: 14%
MP   7/9         EV 18     Int 11      God: Okawaru [****..]
Gold 14          SH  0     Dex 19      Spells:  0 memorised,  8 levels left

rFire  . . .     SeeInvis .       - Unarmed
rCold  . . .     Clarity  .     (armour unavailable)
rNeg   . . .     Conserve .     (no shield)
rPois  +         rCorr    .     (helmet restricted)
rElec  .         rRot     .     k - +0 elf cloak
SustAb . .       Spirit   .     (no gloves)
rMut   .         Warding  .     (no boots)
Gourm  +         NoTele   +     p - amulet of the gourmand
MR     .....                    m - +3 ring of dexterity
                                l - +2 ring of protection

@: heroism, not resistant to hostile enchantments, quite stealthy
A: breathe noxious fumes, unfitting armour, poison resistance, AC +7
a: Breathe Noxious Fumes, Heroism, Renounce Religion


You were in the Dungeon.
You worshipped Okawaru.
Okawaru was greatly pleased with you.
You were not hungry.

You visited 1 branch You collected 14 gold pieces.

Inventory:

Armour
 k - a +0 elven cloak (worn)
Magical devices
 j - a wand of cold (7)
Comestibles
 b - a bread ration
Scrolls
 g - 3 scrolls of remove curse
 h - 3 scrolls of blinking
 i - 2 scrolls of amnesia
 q - 2 scrolls of enchant armour
 r - a scroll of fog
 s - 2 scrolls of enchant weapon I
 t - a scroll of fear
Jewellery
 l - a +2 ring of protection (left hand)
 m - a +3 ring of dexterity (right hand)
 o - an uncursed ring of magical power
 p - an amulet of the gourmand (around neck)
Potions
 a - a potion of invisibility
 c - 5 potions of curing
 d - 4 potions of heal wounds
 e - a potion of might
 f - 3 potions of magic
 n - a potion of agility


   Skills:
 - Level 3.2(8.2) Fighting
 - Level 2.6(7.6) Dodging
 - Level 1.7(6.7) Stealth
 + Level 19.3(24.3) Unarmed Combat


You had 8 spell levels left.
You didn't know any spells.

Dungeon Overview and Level Annotations

Branches:
Dungeon (1/1)

Altars:
Ashenzari
Cheibriados
Elyvilon
Fedhas
Kikubaaqudgha
Makhleb
Nemelex Xobeh
Okawaru
Sif Muna
Trog
Vehumet
Xom
Yredelemnul
Zin
the Shining One


Innate Abilities, Weirdness & Mutations

You can breathe blasts of noxious fumes.
Your lurid green scales are hard (AC +7).
Your body does not fit into most forms of armour.
Your cold-blooded metabolism reacts poorly to cold.
Your system is resistant to poisons.


Message History

You see here a rat corpse.
You pummel the komodo dragon!!
The komodo dragon is heavily wounded.
The komodo dragon closely misses you.
You punch the komodo dragon! Your punch misses the komodo dragon.
The komodo dragon is almost dead.
You punch the komodo dragon!
You kill the komodo dragon!
Okawaru accepts your kill.
Your Unarmed Combat skill increases to level 19!
The black mamba closely misses you. The black mamba bites you!
* * * LOW HITPOINT WARNING * * *
You see here a komodo dragon corpse.
You punch the black mamba!
The black mamba is heavily wounded.
The black mamba bites you but does no damage.
You barely miss the black mamba.
The black mamba is heavily wounded.
The black mamba bites you!
You die...

▓▓▓▓▓▓▓▓▓▓▓▓▓▓▓▓▓▓▓▓▓▓▓▓▓
'.....).......%%@SSS....+
▓▓▓▓▓▓▓▓▓▓▓▓▓▓▓▓▓▓▓▓▓▓▓▓▓▓▓▓▓▓▓▓▓
.................................
▓▓▓▓▓▓▓▓▓▓▓▓▓▓▓▓▓▓▓▓▓▓▓▓▓▓▓▓▓▓▓▓▓
..).....).....'_________________'
▓▓▓▓▓▓▓▓▓▓▓▓▓▓▓▓▓▓▓▓▓▓▓▓▓▓▓▓▓▓▓▓▓


You could see a black mamba, a water moccasin and an adder.

Vanquished Creatures
  A centaur warrior (D)
  Maurice (D)
  A spiny frog (D)
  A komodo dragon (D)
  A two-headed ogre (D)
  A mottled dragon (D)
  A necrophage (D)
  A porcupine (D)
  An ice beast (D)
  A big kobold (D)
  2 hounds (D)
  An iguana (D)
  A giant gecko (D)
  2 orcs (D)
  A bat (D)
  A goblin (D)
  2 jackals (D)
  A ball python skeleton (D)
  A giant cockroach (D)
  A hobgoblin zombie (D)
  2 kobolds (D)
  4 rats (D)
29 creatures vanquished.

Notes
Turn   | Place    | Note
--------------------------------------------------------------
     0 | D        | Caerthir, the Draconian Monk, began the quest for the Orb.
     0 | D        | Reached XP level 1. HP: 19/19 MP: 1/1
    17 | D        | Reached skill level 5 in Unarmed Combat
   110 | D        | Noticed a hound
   110 | D        | Noticed a necrophage
   121 | D        | Killed a hound
   121 | D        | Reached skill level 7 in Unarmed Combat
   121 | D        | Reached XP level 2. HP: 4/26 MP: 2/2
   121 | D        | Reached XP level 3. HP: 4/31 MP: 3/3
   128 | D        | Killed a necrophage
   128 | D        | Reached skill level 10 in Unarmed Combat
   128 | D        | Reached XP level 4. HP: 6/38 MP: 4/4
   128 | D        | Reached XP level 5. HP: 7/45 MP: 5/5
   380 | D        | Found a shattered altar of Ashenzari.
   380 | D        | Found a blossoming altar of Fedhas.
   380 | D        | Found a bloodstained altar of Trog.
   380 | D        | Found a shimmering altar of Xom.
   380 | D        | Found a glowing silver altar of Zin.
   380 | D        | Found an iron altar of Okawaru.
   380 | D        | Found a white marble altar of Elyvilon.
   381 | D        | Found a deep blue altar of Sif Muna.
   382 | D        | Found a basalt altar of Yredelemnul.
   383 | D        | Found a snail-covered altar of Cheibriados.
   384 | D        | Found a glowing golden altar of the Shining One.
   385 | D        | Found a burning altar of Makhleb.
   386 | D        | Found a radiant altar of Vehumet.
   387 | D        | Found a sparkling altar of Nemelex Xobeh.
   388 | D        | Became a worshipper of Warmaster Okawaru
   388 | D        | Acquired Okawaru's first power
   425 | D        | Found an ancient bone altar of Kikubaaqudgha.
   426 | D        | Found a radiant altar of Vehumet.
   427 | D        | Found a burning altar of Makhleb.
   457 | D        | Noticed a big kobold
   457 | D        | Noticed an iguana
   464 | D        | Reached skill level 11 in Unarmed Combat
   475 | D        | Killed a big kobold
   475 | D        | Reached skill level 12 in Unarmed Combat
   486 | D        | Killed an iguana
   493 | D        | Noticed an ice beast
   493 | D        | Noticed a centaur warrior
   493 | D        | Noticed a two-headed ogre
   493 | D        | Noticed a mottled dragon
   501 | D        | Killed an ice beast
   501 | D        | Reached skill level 13 in Unarmed Combat
   501 | D        | Reached XP level 6. HP: 17/51 MP: 3/6
   515 | D        | Killed a centaur warrior
   515 | D        | Reached skill level 16 in Unarmed Combat
   515 | D        | Your scales start taking on a lurid green colour.
   515 | D        | Gained mutation: Your system is resistant to poisons. [draconian maturity]
   515 | D        | Reached XP level 7. HP: 30/57 MP: 4/7
   520 | D        | Killed a two-headed ogre
   520 | D        | Reached skill level 17 in Unarmed Combat
   520 | D        | Reached XP level 8. HP: 11/63 MP: 4/8
   529 | D        | Killed a mottled dragon
   818 | D        | Noticed Maurice
   827 | D        | Killed Maurice
   827 | D        | Reached skill level 18 in Unarmed Combat
   924 | D        | Noticed a porcupine
   924 | D        | Noticed a spiny frog
   924 | D        | Noticed a hound
   924 | D        | Noticed a komodo dragon
   925 | D        | Noticed a black mamba
   930 | D        | Killed a porcupine
   933 | D        | Noticed a water moccasin
   936 | D        | Killed a spiny frog
   936 | D        | Reached XP level 9. HP: 21/70 MP: 9/9
   938 | D        | Killed a hound
   944 | D        | Killed a komodo dragon
   944 | D        | Reached skill level 19 in Unarmed Combat
   947 | D        | Mangled by a black mamba

Action                   |  1- 3 |  4- 6 |  7- 9 || total
-------------------------+-------+-------+-------++-------
Melee: Unarmed           |    36 |    46 |    31 ||   113
Invok: Heroism           |       |     1 |     1 ||     2
  Use: Potion            |     1 |     3 |     2 ||     6
